TOP OF THE 1ST |
Johnson City Cardinals batting - Pitching for Missoula Osprey : RHP Tom Moore
|
Pitching: RHP Tom Moore
|
|
Batting: RHB Nick Latulippe
|
0-0: Called Strike 0-1: Swinging Strike 0-2: Ball 1-2: Foul Ball, location: 2F 1-2: Ball 2-2: Ball 3-2: Foul Ball, location: 2F 3-2: Strikes out swinging
|
Batting: LHB Mike East
|
0-0: Ball 1-0: Ball 2-0: Ball 3-0: Called Strike 3-1: Called Strike 3-2: Ground out U3 (Groundball, 3, EV 101.9 MPH)
|
Batting: LHB Ken Compton
|
0-0: Ground out 5-3 (Groundball, 56, EV 102.5 MPH)
|
Top of the 1st over - 0 runs, 0 hits, 0 errors, 0 left on base; Johnson City 0 - Missoula 0 |
BOTTOM OF THE 1ST |
Missoula Osprey batting - Pitching for Johnson City Cardinals : LHP Hylnur Albertsson
|
Pitching: LHP Hylnur Albertsson
|
|
Batting: RHB Hyeok Shon
|
0-0: Called Strike 0-1: Ball 1-1: Foul Ball, location: 2F 1-2: Ball 2-2: Foul Ball, location: 2F 2-2: Foul Ball, location: 3F, Error on foul ball, E3 2-2: Ground out 5-3 (Groundball, 5, EV 105.0 MPH)
|
Batting: RHB Edwin Romero
|
0-0: Fly out, F7 (Flyball, 78D, EV 87.5 MPH)
|
Batting: SHB Ed Vargas
|
0-0: Ball 1-0: Ball 2-0: Foul Ball, location: 2F 2-1: SINGLE (Groundball, 4M, EV 108.1 MPH) (infield hit)
|
Batting: RHB Mike Swift
|
0-0: Called Strike 0-1: Ground out 5-3 (Groundball, 56S, EV 86.9 MPH)
|
Bottom of the 1st over - 0 runs, 1 hit, 1 error, 1 left on base; Johnson City 0 - Missoula 0 |
TOP OF THE 2ND |
Johnson City Cardinals batting - Pitching for Missoula Osprey : RHP Tom Moore
|
Batting: LHB Ken Morehead
|
0-0: Ball 1-0: Ball 2-0: Ball 3-0: Called Strike 3-1: Foul Ball, location: 2F 3-2: Strikes out swinging
|
Batting: SHB Justin Towry
|
0-0: Foul Ball, location: 2F 0-1: Swinging Strike 0-2: Ball 1-2: Strikes out swinging
|
Batting: RHB Alex Melgoza
|
0-0: Called Strike 0-1: Ball 1-1: Called Strike 1-2: Strikes out swinging
|
Top of the 2nd over - 0 runs, 0 hits, 0 errors, 0 left on base; Johnson City 0 - Missoula 0 |
BOTTOM OF THE 2ND |
Missoula Osprey batting - Pitching for Johnson City Cardinals : LHP Hylnur Albertsson
|
Batting: RHB Orlando Florez
|
0-0: Ball 1-0: Called Strike 1-1: Ball 2-1: Foul Ball, location: 2F 2-2: Ball 3-2: Base on Balls
|
Batting: RHB Daniel Rivera
|
0-0: Swinging Strike 0-1: Fly out, F8 (Flyball, 8RD, EV 105.0 MPH)
|
Batting: SHB Ethan Newby
|
0-0: Foul Ball, location: 2F 0-1: Ball 1-1: Ball 2-1: DOUBLE (Line Drive, 9LS, EV 111.9 MPH) Orlando Florez to third
|
Batting: RHB Zach Espinosa
|
0-0: Ball 1-0: Ball 2-0: Swinging Strike 2-1: Foul Ball, location: 2F 2-2: Ball 3-2: Strikes out swinging
|
Batting: RHB Matt Bailey
|
0-0: Ground out 5-3 (Groundball, 5S, EV 86.9 MPH)
|
Bottom of the 2nd over - 0 runs, 1 hit, 0 errors, 2 left on base; Johnson City 0 - Missoula 0 |
TOP OF THE 3RD |
Johnson City Cardinals batting - Pitching for Missoula Osprey : RHP Tom Moore
|
Batting: RHB Geoff Musico
|
0-0: Foul Ball, location: 2F 0-1: Foul Ball, location: 2F 0-2: Ball 1-2: Ball 2-2: Ball 3-2: Strikes out swinging
|
Batting: RHB Sam Daw
|
0-0: Called Strike 0-1: Swinging Strike 0-2: Ball 1-2: Strikes out swinging
|
Batting: RHB Diego Herrera
|
0-0: Swinging Strike 0-1: Ball 1-1: Swinging Strike 1-2: Ball 2-2: Ball 3-2: Strikes out swinging, 2-3 out at first.
|
Top of the 3rd over - 0 runs, 0 hits, 0 errors, 0 left on base; Johnson City 0 - Missoula 0 |
BOTTOM OF THE 3RD |
Missoula Osprey batting - Pitching for Johnson City Cardinals : LHP Hylnur Albertsson
|
Batting: RHB Hyeok Shon
|
0-0: Ball 1-0: SINGLE (Groundball, 34, EV 106.9 MPH)
|
Batting: RHB Edwin Romero
|
0-0: Ball Hyeok Shon steals 2nd base 1-0: Called Strike 1-1: Foul Ball, location: 2F 1-2: Ball 2-2: Ball 3-2: Fly out, F6 (Popup, 4MS, EV 73.1 MPH)
|
Batting: SHB Ed Vargas
|
0-0: Called Strike 0-1: Foul Ball, location: 2F 0-2: Ball 1-2: Ball 2-2: Foul Ball, location: 2F 2-2: Ball 3-2: Foul Ball, location: 2F 3-2: Base on Balls
|
Batting: RHB Mike Swift
|
0-0: Ball 1-0: Ball 2-0: Ball 3-0: Called Strike 3-1: Foul Ball, location: 2F 3-2: Base on Balls Hyeok Shon to third Ed Vargas to second
|
Batting: RHB Orlando Florez
|
0-0: SINGLE (Groundball, 4MD, EV 110.6 MPH) Hyeok Shon scores Ed Vargas to third Mike Swift to second
|
Batting: RHB Daniel Rivera
|
0-0: DOUBLE (Flyball, 78XD, EV 101.2 MPH) Ed Vargas scores Mike Swift scores Orlando Florez to third
|
Batting: SHB Ethan Newby
|
0-0: Ball 1-0: 3-RUN HOME RUN (Flyball, 8LXD, EV 110.0 MPH), Distance : 425 ft
|
Batting: RHB Zach Espinosa
|
0-0: Ball 1-0: Ball 2-0: Foul Ball, location: 2F 2-1: SINGLE (Groundball, 6MD, EV 107.5 MPH)
|
Pitching: RHP Jim Morse
|
|
Batting: RHB Matt Bailey
|
0-0: Ball 1-0: Foul Ball, location: 2F 1-1: Swinging Strike 1-2: Foul Ball, location: 2F 1-2: Hit by Pitch Zach Espinosa to second
|
Batting: RHB Hyeok Shon
|
0-0: Called Strike 0-1: Called Strike 0-2: Foul Ball, location: 2F 0-2: Foul Ball, location: 2F 0-2: Foul Ball, location: 2F 0-2: Strikes out swinging
|
Batting: RHB Edwin Romero
|
0-0: Ball 1-0: Fielders Choice at 2nd, 5-4 (Groundball, 5, EV 98.1 MPH)
|
Bottom of the 3rd over - 6 runs, 5 hits, 0 errors, 2 left on base; Johnson City 0 - Missoula 6 |
TOP OF THE 4TH |
Johnson City Cardinals batting - Pitching for Missoula Osprey : RHP Tom Moore
|
Batting: RHB Nick Latulippe
|
0-0: Ground out 5-3 (Groundball, 15, EV 86.2 MPH)
|
Batting: LHB Mike East
|
0-0: Ball 1-0: Ball 2-0: Ball 3-0: Base on Balls
|
Batting: LHB Ken Compton
|
0-0: Called Strike 0-1: Fly out, F9 (Line Drive, 89M, EV 88.1 MPH)
|
Batting: LHB Ken Morehead
|
0-0: Called Strike 0-1: Ball 1-1: Called Strike Mike East steals 2nd base (no throw) 1-2: Foul Ball, location: 2F 1-2: Ball 2-2: Strikes out swinging
|
Top of the 4th over - 0 runs, 0 hits, 0 errors, 1 left on base; Johnson City 0 - Missoula 6 |
BOTTOM OF THE 4TH |
Missoula Osprey batting - Pitching for Johnson City Cardinals : RHP Jim Morse
|
Batting: SHB Ed Vargas
|
0-0: Ball 1-0: Ball 2-0: SINGLE (Groundball, 25, EV 62.5 MPH) (infield hit)
|
Batting: RHB Mike Swift
|
0-0: Ball 1-0: Ball Ed Vargas steals 2nd base 2-0: Called Strike 2-1: SINGLE (Groundball, 34D, EV 105.6 MPH) Ed Vargas to third
|
Pitching: RHP Francisco Galindo
|
|
Batting: RHB Orlando Florez
|
0-0: Ball 1-0: Foul Ball, location: 2F 1-1: Swinging Strike 1-2: Ball 2-2: Ball 3-2: Foul Ball, location: 2F 3-2: Strikes out looking
|
Batting: RHB Daniel Rivera
|
0-0: Called Strike 0-1: DOUBLE (Line Drive, 78XD, EV 99.4 MPH) Ed Vargas scores Mike Swift to third Runner from 3rd tries for Home, SAFE, no throw by LF
|
Batting: SHB Ethan Newby
|
0-0: Ball 1-0: 2-RUN HOME RUN (Line Drive, 89XD, EV 107.5 MPH), Distance : 388 ft
|
Batting: RHB Zach Espinosa
|
0-0: Foul Ball, location: 2F 0-1: Called Strike 0-2: Ball 1-2: Strikes out looking
|
Batting: RHB Matt Bailey
|
0-0: Fly out, F9 (Line Drive, 9S, EV 90.6 MPH)
|
Bottom of the 4th over - 4 runs, 4 hits, 0 errors, 0 left on base; Johnson City 0 - Missoula 10 |
TOP OF THE 5TH |
Johnson City Cardinals batting - Pitching for Missoula Osprey : RHP Tom Moore
|
Batting: SHB Justin Towry
|
0-0: Ball 1-0: Ball 2-0: Called Strike 2-1: Ball 3-1: Swinging Strike 3-2: Foul Ball, location: 2F 3-2: Ground out 4-3 (Groundball, 4, EV 103.8 MPH)
|
Batting: RHB Alex Melgoza
|
0-0: Foul Ball, location: 2F 0-1: Swinging Strike 0-2: Strikes out swinging
|
Batting: RHB Geoff Musico
|
0-0: Foul Ball, location: 2F 0-1: Ball 1-1: Fly out, F6 (Line Drive, 6, EV 60.6 MPH)
|
Top of the 5th over - 0 runs, 0 hits, 0 errors, 0 left on base; Johnson City 0 - Missoula 10 |
BOTTOM OF THE 5TH |
Missoula Osprey batting - Pitching for Johnson City Cardinals : RHP Francisco Galindo
|
Batting: RHB Hyeok Shon
|
0-0: Ball 1-0: Ball 2-0: Ball 3-0: Called Strike 3-1: Called Strike 3-2: SINGLE (Groundball, 5L, EV 105.0 MPH) (infield hit)
|
Pitching: LHP Heriberto Flores
|
|
Batting: RHB Edwin Romero
|
0-0: Reached on error, E6 (Groundball, 6, EV 93.8 MPH) Hyeok Shon to second
|
Batting: SHB Ed Vargas
|
0-0: Ball 1-0: Ball Passed Ball! Hyeok Shon to third Edwin Romero to second 2-0: Foul Ball, location: 2F 2-1: Ball 3-1: SINGLE (Line Drive, 78S, EV 101.9 MPH) Hyeok Shon scores Edwin Romero to third
|
Batting: RHB Mike Swift
|
0-0: Ball 1-0: Fly out, F8 (Flyball, 8RXD, EV 106.2 MPH) Runner from 3rd tags up, SCORES, no throw by CF
|
Batting: RHB Orlando Florez
|
0-0: Called Strike 0-1: Ball 1-1: Ball 2-1: Called Strike 2-2: Ball 3-2: Foul Ball, location: 2F 3-2: Base on Balls Ed Vargas to second
|
Batting: RHB Daniel Rivera
|
0-0: Ball 1-0: Ball 2-0: Ball 3-0: Foul Ball, location: 2F 3-1: Base on Balls Ed Vargas to third Orlando Florez to second
|
Pitching: RHP Vic Nelson
|
|
Batting: SHB Ethan Newby
|
0-0: Ball 1-0: Swinging Strike 1-1: Hit by Pitch Ed Vargas scores Orlando Florez to third Daniel Rivera to second
|
Batting: RHB Zach Espinosa
|
0-0: Swinging Strike 0-1: Fly out, F6 (Line Drive, 6, EV 66.9 MPH)
|
Batting: RHB Matt Bailey
|
0-0: Called Strike 0-1: Foul Ball, location: 2F 0-2: Fly out, F9 (Flyball, 89D, EV 95.6 MPH)
|
Bottom of the 5th over - 3 runs, 2 hits, 1 error, 3 left on base; Johnson City 0 - Missoula 13 |
TOP OF THE 6TH |
Johnson City Cardinals batting - Pitching for Missoula Osprey : RHP Tom Moore
|
Batting: RHB Sam Daw
|
0-0: Ball 1-0: Swinging Strike 1-1: Ball 2-1: Swinging Strike 2-2: Strikes out looking
|
Batting: RHB Diego Herrera
|
0-0: Swinging Strike 0-1: Ball 1-1: Called Strike 1-2: Ball 2-2: Fly out, F7 (Line Drive, 7S, EV 111.2 MPH)
|
Batting: RHB Nick Latulippe
|
0-0: Foul Ball, location: 2F 0-1: Ball 1-1: Ball 2-1: Called Strike 2-2: Ball 3-2: Ground out 5-3 (Groundball, 56, EV 85.6 MPH)
|
Top of the 6th over - 0 runs, 0 hits, 0 errors, 0 left on base; Johnson City 0 - Missoula 13 |
BOTTOM OF THE 6TH |
Missoula Osprey batting - Pitching for Johnson City Cardinals : RHP Vic Nelson
|
Batting: RHB Hyeok Shon
|
0-0: Ground out 6-3 (Groundball, 6, EV 91.9 MPH)
|
Batting: RHB Edwin Romero
|
0-0: Swinging Strike 0-1: Ball 1-1: Called Strike 1-2: Ball 2-2: Ball 3-2: Strikes out swinging
|
Batting: SHB Ed Vargas
|
0-0: Ball 1-0: Ball 2-0: Called Strike 2-1: Ball 3-1: Base on Balls
|
Batting: RHB Mike Swift
|
0-0: Fly out, F9 (Flyball, 9S, EV 79.4 MPH)
|
Bottom of the 6th over - 0 runs, 0 hits, 0 errors, 1 left on base; Johnson City 0 - Missoula 13 |
TOP OF THE 7TH |
Johnson City Cardinals batting - Pitching for Missoula Osprey : RHP Tom Moore
|
Batting: LHB Mike East
|
0-0: Swinging Strike 0-1: Swinging Strike 0-2: Strikes out swinging
|
Batting: LHB Ken Compton
|
0-0: Called Strike 0-1: Swinging Strike 0-2: Ground out 4-3 (Groundball, 4, EV 91.2 MPH)
|
Batting: LHB Ken Morehead
|
0-0: Ball 1-0: Ball 2-0: Ball 3-0: Base on Balls
|
Batting: SHB Justin Towry
|
0-0: Ball 1-0: Fielders Choice at 2nd, U4 (Groundball, 4M, EV 103.8 MPH)
|
Top of the 7th over - 0 runs, 0 hits, 0 errors, 1 left on base; Johnson City 0 - Missoula 13 |
BOTTOM OF THE 7TH |
Missoula Osprey batting - Pitching for Johnson City Cardinals : RHP Vic Nelson
|
Batting: RHB Orlando Florez
|
0-0: Foul Ball, location: 2F 0-1: Ball 1-1: Ball 2-1: SINGLE (Line Drive, 89S, EV 103.8 MPH)
|
Pinch Hitting: RHB D.J. Cooke
|
0-0: Foul Ball, location: 2F 0-1: Foul Ball, location: 2F 0-2: Strikes out looking
|
Batting: SHB Ethan Newby
|
0-0: Grounds out, U3 (Groundball, 3L, EV 103.8 MPH)
|
Batting: RHB Zach Espinosa
|
0-0: Ground out 4-3 (Groundball, 34D, EV 91.2 MPH)
|
Bottom of the 7th over - 0 runs, 1 hit, 0 errors, 1 left on base; Johnson City 0 - Missoula 13 |
TOP OF THE 8TH |
Johnson City Cardinals batting - Pitching for Missoula Osprey : RHP Tom Moore
|
Now at 2B: D.J. Cooke
|
|
Batting: RHB Alex Melgoza
|
0-0: Ball 1-0: Ball 2-0: Foul Ball, location: 2F 2-1: Foul Ball, location: 2F 2-2: Fly out, F7 (Line Drive, 7, EV 98.8 MPH)
|
Batting: RHB Geoff Musico
|
0-0: Called Strike 0-1: Ball 1-1: Ball 2-1: Ball 3-1: Base on Balls
|
Batting: RHB Sam Daw
|
0-0: Fielders Choice at 2nd, 6-4 (Groundball, 6, EV 101.2 MPH)
|
Batting: RHB Diego Herrera
|
0-0: Ball 1-0: Swinging Strike 1-1: Foul Ball, location: 2F 1-2: Strikes out swinging
|
Top of the 8th over - 0 runs, 0 hits, 0 errors, 1 left on base; Johnson City 0 - Missoula 13 |
BOTTOM OF THE 8TH |
Missoula Osprey batting - Pitching for Johnson City Cardinals : RHP Vic Nelson
|
Batting: RHB Matt Bailey
|
0-0: Called Strike 0-1: Swinging Strike 0-2: Ball 1-2: Strikes out swinging, 2-3 out at first.
|
Batting: RHB Hyeok Shon
|
0-0: Fly out, F5 (Line Drive, 5, EV 66.9 MPH)
|
Batting: RHB Edwin Romero
|
0-0: SINGLE (Groundball, 56D, EV 111.2 MPH)
|
Pitching: LHP Andy Fitzsimmons
|
|
Batting: SHB Ed Vargas
|
0-0: Ground out 4-3 (Groundball, 4, EV 75.6 MPH)
|
Bottom of the 8th over - 0 runs, 1 hit, 0 errors, 1 left on base; Johnson City 0 - Missoula 13 |
TOP OF THE 9TH |
Johnson City Cardinals batting - Pitching for Missoula Osprey : RHP Tom Moore
|
Batting: RHB Nick Latulippe
|
0-0: Ball 1-0: Called Strike 1-1: Ground out 6-3 (Groundball, 6D, EV 79.4 MPH)
|
Batting: LHB Mike East
|
0-0: Ball 1-0: Foul Ball, location: 2F 1-1: Swinging Strike 1-2: Strikes out looking
|
Batting: LHB Ken Compton
|
0-0: Ball 1-0: Swinging Strike 1-1: Ball 2-1: Called Strike 2-2: Ball 3-2: Foul Ball, location: 2F 3-2: Foul Ball, location: 2F 3-2: Base on Balls
|
Batting: LHB Ken Morehead
|
0-0: Ball 1-0: Ground out 6-3 (Groundball, 6MS, EV 83.1 MPH)
|
Top of the 9th over - 0 runs, 0 hits, 0 errors, 1 left on base; Johnson City 0 - Missoula 13 |
|